Map: Cyber Forest LE

Players

Harstem

  • Race: Protoss Protoss
  • League: Master
  • Spawn Location: 11:00

Lambo - Winner!

  • Race: Zerg Zerg
  • League: Master
  • Spawn Location: 5:00

VOD

Have the link to the VOD?

Description

Time

  • Played on: Jan. 24, 2019, 8:04 a.m.
  • Length: 9:22
Show
View Real Time Build Order
Export as new Build Order

Harstem Protoss 

Build Orders: 1 Gate Expand, Oracle Opening, Phoenix Opening, Mass Phoenix, Zealot Archon 

Get SALT Encoding   

  12  0:00  Probe  
  13  0:13  Probe  
  14  0:20  Pylon  
  14  0:25  Probe  
  15  0:34  Probe  
  15  0:41  Gateway  
  16  0:43  Probe  
  17  0:50  Assimilator  
  17  0:52  Probe  
  18  1:04  Probe  
  19  1:16  Probe  
  20  1:25  Nexus  
  20  1:34  Cybernetics Core  
  20  1:37  Probe  
  21  1:42  Assimilator  
  21  1:49  Probe  
  21  1:53  Pylon  
  22  2:01  Adept, Probe  
  23  2:14  Probe  
  23  2:15  Stargate  
  26  2:21  Adept  
  26  2:23  Warp Gate  
  26  2:26  Probe  
  27  2:34  Probe  
  29  2:38  Probe  
  29  2:42  Probe  
  31  2:46  Assimilator  
  31  2:50  Probe  
  33  2:52  Probe  
  34  3:02  Probe  
  34  3:04  Probe  
  35  3:06  Phoenix  
  33  3:13  Assimilator  
  33  3:14  Probe  
  33  3:16  Probe  
  37  3:23  Gateway  
  37  3:25  Oracle  
  37  3:26  Probe  
  38  3:30  Probe  
  42  3:38  Probe  
  43  3:42  Probe  
  43  3:43  Pylon  
  43  3:46  Stargate  
  44  3:50  Probe  
  44  3:54  Probe  
  46  4:01  Pylon  
  48  4:02  Probe  
  48  4:07  Phoenix, Probe  
  52  4:13  Pylon  
  52  4:15  Probe  
  53  4:19  Probe  
  53  4:23  Pylon  
  52  4:25  Phoenix  
  52  4:27  Probe  
  52  4:31  Probe  
  54  4:36  Phoenix  
  58  4:39  Probe  
  58  4:41  Pylon  
  58  4:42  Phoenix  
  58  4:43  Probe  
  60  4:51  Probe  
  63  4:55  Probe  
  63  4:56  Adept x2  
  68  5:00  Phoenix  
  68  5:06  Pylon  
  70  5:10  Phoenix, Probe  
  72  5:21  Nexus  
  73  5:24  Pylon  
  73  5:25  Phoenix  
  74  5:29  Probe  
  74  5:31  Probe  
  76  5:38  Forge  
  76  5:40  Twilight Council  
  76  5:49  Probe  
  77  5:54  Gateway  
  77  5:55  Robotics Facility  
  77  5:56  Probe  
  78  5:57  Gateway  
  78  5:58  Sentry  
  78  6:01  Probe  
  81  6:08  Probe  
  80  6:13  Probe  
  80  6:16  Shield Battery, Sentry  
  83  6:19  Probe, Pylon  
  83  6:20  Protoss Ground Weapons Level 1  
  83  6:21  Charge  
  83  6:22  Probe  
  85  6:27  Probe, Zealot  
  85  6:30  Probe  
  85  6:31  Templar Archives  
  88  6:33  Probe  
  88  6:36  Probe  
  90  6:40  Probe  
  90  6:44  Warp Prism  
  93  6:48  Gateway, Assimilator  
  93  6:50  Gateway, Assimilator  
  94  6:56  Probe  
  94  6:57  Probe  
  97  7:03  Gateway  
  97  7:05  Gateway  
  96  7:10  Probe  
  96  7:12  Warp Prism  
  96  7:14  Probe  
  100  7:23  Probe  
  101  7:32  Probe  
  101  7:35  Gateway  
  102  7:39  Gateway, High Templar x3  
  102  7:40  High Templar, Probe  
  102  7:42  Gateway  
  102  7:43  Pylon  
  109  7:48  Photon Cannon, Pylon  
  109  7:49  Gateway, Observer  
  109  7:50  Archon x2, Pylon  
  109  7:51  Pylon  
  107  7:54  Pylon  
  107  7:57  Pylon  
  106  8:04  Probe  
  107  8:07  High Templar x4  
  107  8:12  Archon  
  112  8:13  Archon, Zealot x4  
  112  8:17  Nexus  
  120  8:25  Pylon  
  120  8:30  Zealot  
  110  8:42  Zealot x7  
  93  8:50  Zealot x5  
  93  8:53  Probe x2  
  84  9:02  Nexus  
  84  9:08  Probe  
  78  9:11  High Templar x5  
  78  9:12  High Templar  
  78  9:13  Zealot x2  
  78  9:14  Zealot  
  95  9:17  Archon x2  
  95  9:19  Archon  
Show
View Real Time Build Order
Export as new Build Order

Lambo Zerg - Winner!

Build Orders: Hatch First 

Get SALT Encoding   

  12  0:00  Drone  
  13  0:12  Overlord  
  13  0:17  Drone  
  14  0:32  Drone x2  
  16  0:49  Hatchery  
  15  0:52  Drone  
  15  0:57  Drone  
  17  1:00  Drone  
  18  1:11  Extractor  
  17  1:14  Spawning Pool  
  17  1:18  Drone  
  17  1:22  Drone  
  18  1:29  Drone  
  19  1:39  Drone  
  20  1:51  Overlord  
  20  2:01  Queen x2  
  20  2:02  Zergling x4  
  26  2:11  Drone, Metabolic Boost  
  26  2:14  Drone  
  28  2:22  Drone  
  29  2:25  Drone  
  30  2:39  Hatchery  
  30  2:41  Drone  
  30  2:43  Zergling x2  
  31  2:48  Zergling x2  
  31  2:49  Overlord  
  32  2:58  Drone  
  32  3:03  Drone  
  30  3:06  Spore Crawler  
  30  3:12  Drone x2  
  32  3:14  Queen  
  32  3:16  Drone  
  32  3:18  Drone x2  
  32  3:19  Drone  
  38  3:21  Drone  
  38  3:25  Overlord  
  39  3:29  Drone x2  
  39  3:33  Spore Crawler  
  40  3:37  Drone x2  
  42  3:44  Overlord  
  42  3:47  Drone x3  
  45  3:54  Queen  
  47  4:02  Spore Crawler  
  46  4:03  Drone x5  
  46  4:07  Queen  
  53  4:12  Overlord  
  53  4:15  Drone  
  53  4:16  Drone  
  55  4:21  Overlord  
  55  4:23  Drone x3  
  58  4:27  Drone x2  
  58  4:32  Drone x3  
  58  4:36  Drone  
  61  4:41  Roach Warren  
  61  4:43  Drone  
  61  4:45  Extractor x2, Drone  
  59  4:47  Drone  
  59  4:49  Drone  
  62  4:54  Zergling x4  
  62  4:55  Drone x3  
  62  4:57  Drone x2  
  69  5:02  Lair  
  69  5:03  Drone  
  69  5:06  Drone  
  71  5:10  Drone  
  71  5:11  Drone x2  
  73  5:17  Overlord  
  73  5:19  Overlord  
  73  5:23  Overlord  
  73  5:25  Evolution Chamber  
  73  5:27  Drone  
  73  5:29  Extractor, Overlord x3  
  73  5:30  Queen  
  73  5:31  Extractor  
  73  5:35  Spore Crawler x2  
  71  5:38  Overlord  
  71  5:41  Drone x5  
  75  5:43  Drone  
  75  5:46  Drone x2  
  75  5:47  Drone  
  75  5:49  Drone x2  
  79  5:53  Drone x3  
  79  5:56  Drone  
  83  5:59  Zerg Missile Weapons Level 1  
  83  6:02  Drone x2, Hydralisk Den  
  81  6:04  Drone x2  
  81  6:09  Drone x3  
  83  6:14  Baneling Nest  
  83  6:15  Queen  
  83  6:18  Queen  
  85  6:26  Overlord  
  85  6:28  Extractor  
  85  6:31  Baneling Nest  
  85  6:32  Muscular Augments  
  83  6:36  Overlord x2  
  82  6:42  Overlord  
  82  6:51  Overlord  
  82  6:54  Hydralisk x8  
  98  7:01  Hydralisk x3  
  98  7:06  Hydralisk x2  
  108  7:14  Hydralisk x4  
  116  7:19  Hydralisk  
  116  7:26  Hydralisk x4  
  123  7:39  Centrifical Hooks  
  123  7:41  Zergling x12  
  123  7:42  Zergling x6  
  123  7:43  Grooved Spines  
  132  7:48  Hydralisk x2  
  132  7:49  Zergling x2  
  137  7:51  Overseer  
  137  7:57  Zergling x6  
  140  8:02  Zergling x2  
  140  8:03  Zergling x4  
  143  8:06  Overlord  
  143  8:07  Zergling x2  
  144  8:13  Zergling x14  
  144  8:15  Baneling x13  
  144  8:16  Zergling x2  
  152  8:23  Baneling x2  
  152  8:25  Baneling x8  
  151  8:29  Zergling x6  
  151  8:30  Queen  
  151  8:34  Zergling x2  
  154  8:36  Overlord  
  154  8:40  Zergling x12  
  151  8:46  Hydralisk x2  
  138  8:50  Hydralisk x2  
  138  8:56  Zergling x6  
Tags
 
Add a new tag
Caveats
  • Supply blocks, unpowered buildings, or Contaminate may cause inaccurate times.
  • Supply counts are checked every 10 seconds.